 Dungeon Crawl Stone Soup version 0.24-a0-170-gd8427f5388 (webtiles) character file.

Game seed: 10470578803481649973

57523 goldensnitch the Blocker (level 14, -5/104 HPs)
             Began as an Octopode Fighter on Mar 10, 2019.
             Was a High Priest of Makhleb.
             Slain by a very large slime creature (57 damage)
             ... on level 12 of the Dungeon.
             The game lasted 00:51:26 (26254 turns).

goldensnitch the Blocker (Octopode Fighter)        Turns: 26254, Time: 00:51:27

Health: -5/104     AC:  1    Str: 22    XL:     14   Next: 86%
Magic:  20/20      EV: 28    Int: 13    God:    Makhleb [*****.]
Gold:   747        SH: 19    Dex: 23    Spells: 16/21 levels left

rFire    . . .     SeeInvis .   R - +1 flail (drain)
rCold    + . .     Gourm    .   b - +5 shield
rNeg     . . .     Faith    +   (helmet restricted)
rPois    .         Spirit   .   l - amulet of faith
rElec    .         Reflect  .   Q - ring of protection from magic
rCorr    +         Harm     .   B - ring of protection from cold
MR       +++..                  D - +3 ring of intelligence
Stlth    ++++......             P - ring of protection from magic
HPRegen  0.27/turn              I - ring "Xairphopp" {*Corrode Str+5 Dex+3}
MPRegen  0.17/turn              Y - ring of wizardry
                                h - ring of resist corrosion
                                (no ring)

@: agile
A: almost no armour, stealthy swim, amphibious, 8 rings, constrict 8, camouflage
1, gelatinous body 1
a: Minor Destruction, Lesser Servant of Makhleb, Major Destruction, Greater
Servant of Makhleb, Renounce Religion


You were on level 12 of the Dungeon.
You worshipped Makhleb.
Makhleb was extremely pleased with you.
You were not hungry.

You visited 3 branches of the dungeon, and saw 20 of its levels.
You also visited: Sewer, Ossuary and Gauntlet.

You collected 1422 gold pieces.
You spent 675 gold pieces at shops.

Inventory:

Hand Weapons
 u - a +0 blowgun
 v - a +1 war axe of chopping
 R - a +1 flail of draining (weapon)
Missiles
 k - 2 tomahawks of returning (quivered)
 W - 10 curare-tipped needles
Armour
 b - a +5 shield (worn)
Magical Staves
 t - an uncursed staff of air
Jewellery
 g - an uncursed amulet of the acrobat
 h - a ring of resist corrosion (on tentacle)
 l - an amulet of faith (around mantle)
 B - a ring of protection from cold (right tentacle)
 D - a +3 ring of intelligence (on tentacle)
 I - the ring "Xairphopp" (on tentacle) {*Corrode Str+5 Dex+3}
   (You took it off a gnoll on level 5 of the Dungeon)

   [ring of dexterity]

   It affects your strength (+5).
   It affects your dexterity (+3).
   It may corrode you when you take damage.
 K - the ring "Harina" {*Corrode *Slow rF+ MR+++ Int+3}
   (You found it in a Gauntlet)

   [ring of protection from fire]

   It affects your intelligence (+3).
   It protects you from fire.
   It affects your resistance to hostile enchantments.
   It may corrode you when you take damage.
   It may slow you when you take damage.
 P - a ring of protection from magic (on tentacle)
 Q - a ring of protection from magic (left tentacle)
 U - an uncursed ring of ice
 Y - a ring of wizardry (on tentacle)
Wands
 F - a wand of flame (32)
 H - a wand of scattershot (3)
 S - a wand of paralysis (9)
 X - a wand of iceblast (4)
 Z - a wand of acid (10)
Scrolls
 f - 11 scrolls of teleportation {@r3}
 m - a scroll of immolation
 o - 2 scrolls of magic mapping
 q - 2 scrolls of enchant weapon
 s - 7 scrolls of blinking
 y - 5 scrolls of remove curse {@r2}
 C - a scroll of summoning
 M - 5 scrolls of fog
 N - a scroll of holy word
 T - 2 scrolls of identify {@r1}
Potions
 c - 6 potions of might
 e - 4 potions of cancellation
 i - 6 potions of heal wounds
 j - 4 potions of haste
 n - 6 potions of brilliance
 p - 5 potions of lignification
 r - a potion of mutation
 w - a potion of agility
 x - 2 potions of berserk rage
 z - 17 potions of curing {@q1}
 A - 2 potions of flight
 E - 3 potions of resistance
 G - 2 potions of magic
 O - a potion of invisibility
Miscellaneous
 L - a phantom mirror
Comestibles
 d - 44 rations


   Skills:
 * Level 12.3 Fighting
 - Level 2.4(8.1) Axes
 - Level 11.9(12.0) Maces & Flails
 + Level 11.2 Dodging
 + Level 13.4 Shields
 + Level 4.0 Spellcasting
 - Level 1.0 Conjurations
 + Level 4.4 Air Magic
 - Level 1.0 Poison Magic
 - Level 3.0 Invocations
 - Level 5.7 Evocations


You had 16 spell levels left.
You knew the following spells:

 Your Spells              Type           Power        Failure   Level  Hunger
a - Summon Butterflies    Summ           #.......     10%         1    None
b - Apportation           Tloc           #.....       10%         1    None
c - Mephitic Cloud        Conj/Pois/Air  #.......     12%         3    ###....

Your spell library contained the following spells:

 Spells                   Type           Power        Failure   Level  Hunger
 Poisonous Vapours        Pois/Air       #.....       4%          2    ##.....
 Magic Dart               Conj           #...         6%          1    None
 Beastly Appendage        Tmut           #.....       10%         1    None
 Sandblast                Erth           #.....       10%         1    None
 Searing Ray              Conj           #.....       10%         2    ##.....
 Passwall                 Tmut/Erth      #.......     16%         2    ##.....
 Sticks to Snakes         Tmut           #.......     16%         2    ##.....
 Conjure Flame            Conj/Fire      #.......     24%         3    ###....
 Dazzling Spray           Conj/Hex       #.....       24%         3    ###....
 Spider Form              Tmut/Pois      #.........   24%         3    ###....
 Stone Arrow              Conj/Erth      #.....       24%         3    ###....
 Gell's Gravitas          Tloc           #.........   28%         3    ###....
 Lesser Beckoning         Tloc           #.........   28%         3    ###....
 Portal Projectile        Hex/Tloc       #.....       28%         3    ###....
 Tukima's Dance           Hex            #.......     28%         3    ###....
 Iskenderun's Mystic Bla  Conj           #.......     50%         4    ####...
 Force Lance              Conj/Tloc      #.......     58%         4    ####...
 Fulminant Prism          Conj/Hex       #.........   58%         4    ####...
 Ice Form                 Ice/Tmut       #.......     65%         4    ####...
 Petrify                  Tmut/Erth      #.......     65%         4    ####...
 Alistair's Intoxication  Tmut/Pois      #.......     89%         5    ######.
 Irradiate                Conj/Tmut      #.........   89%         5    ######.
 Blade Hands              Tmut           #.........   92%         5    ######.
 Lee's Rapid Deconstruct  Erth           #.........   92%         5    ######.
 Freezing Cloud           Conj/Ice/Air   #.........   99%         6    #######
 Dispersal                Tloc           #.........   100%        6    #######
 Hydra Form               Tmut           #.........   100%        6    #######
 Invisibility             Hex            #.......     100%        6    #######
 Statue Form              Tmut/Erth      #........    100%        6    #######
 Dragon Form              Tmut           #.........   100%        7    #######
 Ring of Flames           Chrm/Fire      #.........   100%        7    #######
 Controlled Blink         Tloc           N/A          100%        8    #######
 Disjunction              Tloc           #.........   100%        8    #######


Dungeon Overview and Level Annotations

Branches:
Dungeon (13/15)            Temple (1/1) D:7            Lair (6/6) D:9
  Swamp (0/4) Lair:3       Spider (0/4) Lair:3        Slime (0/5) Lair:5
    Orc (0/2) D:11
 Vaults: D:13-14

Altars:
Ashenzari
Cheibriados
Dithmenos
Elyvilon
Fedhas
Gozag
Hepliaklqana
Kikubaaqudgha
Makhleb
Nemelex Xobeh
Okawaru
Qazlal
Ru
Sif Muna
Trog
Uskayaw
Vehumet
Wu Jian
Xom
Yredelemnul
Zin
The Shining One
Beogh
Jiyva

Shops:
D:8 !

Annotations:
D:11 2 runed translucent doors


Innate Abilities, Weirdness & Mutations

You cannot wear most types of armour.
You are very stealthy in the water. (Stealth+)
You are amphibious.
You can wear up to eight rings at the same time.
You can use your tentacles to constrict eight enemies at once.
Your skin changes colour to match your surroundings (Stealth+).
Your rubbery body absorbs attacks. (AC +1, EV +1)


Message History

The large slime creature hits you!! You block the ogre mage's attack.
You sock the ogre mage!
You kill the ogre mage!
Makhleb accepts your kill.
You feel better.
Your Spellcasting skill increases to level 4!
The shadow hits you! You block the slime creature's attack.
A large slime creature splits.
You barely miss the shadow. You block the shadow's attack.
The slime creature hits you. You block the shadow's attack.
You block the slime creature's attack.
Two slime creatures merge to form a large slime creature.
The shadow completely misses you.
Two slime creatures merge to form a very large slime creature.
The shadow slips into darkness.
The shadow flickers and vanishes!
Deactivating autopickup; reactivate with Ctrl-A.
The very large slime creature hits you!!!
Ouch! That really hurt!
You die...

#..#..#........#................
#..#..#........#................
#..####..#####.#..##############
#........#..................#...
#........#................(.#..#
#........#..................#..#
######...#####..............#..#
#........#.....................#
#........#.....@J...............
#........#..................####
#...................>..........#
######........(......).........#
#..............................#
#..............................#
#..............................#
################################


You could see a very large slime creature.

Vanquished Creatures
  A minotaur (Gauntlet)
  An ogre mage (D:12)
  A ghost crab (Gauntlet)
  2 death knights (D:12)
  6 hydras
  2 two-headed ogres (D:11)
  8 death yaks
  Urug (Lair:3)
  Sonja (D:10)
  A phantasmal warrior (D:12)
  A deep elf mage (D:9)
  Pikel (D:5)
  A manticore (D:12)
  A wolf spider (D:12)
  An ugly thing (D:11)
  A cyclops (D:11)
  A moth of wrath (Gauntlet)
  5 elephants
  9 black mambas
  12 spiny frogs
  2 centaur skeletons
  A rime drake (Lair:6)
  10 komodo dragons
  A kobold demonologist (D:12)
  A queen bee (Lair:5)
  A troll (D:11)
  3 meliai (Lair:5)
  5 polar bears
  6 hornets (Lair:6)
  A dream sheep (Lair:6)
  7 blink frogs
  6 hippogriffs
  10 spriggans (Lair:6)
  3 wyverns
  A redback (Gauntlet)
  7 wraiths
  3 fire bats (Lair:2)
  3 hungry ghosts
  22 yaks
  7 basilisks
  5 vampire mosquitoes (Lair:3)
  16 water moccasins
  4 porcupines
  An ice beast (D:8)
  A slave (D:5)
  4 orc warriors
  An eye of draining (D:8)
  A phantom (D:10)
  3 black bears
  3 sky beasts
  4 ogres
  2 necrophages (D:11)
  4 boggarts (Lair:6)
  21 wolves
  2 centaurs
  8 crocodiles
  6 big kobolds
  12 bullfrogs
  A gnoll sergeant (D:5)
  3 scorpions
  22 killer bees (Lair:5)
  3 howler monkeys
  7 crimson imps
  A bullfrog zombie (D:11)
  3 centaur zombies (Ossuary)
  A quasit (D:8)
  5 jellies
  7 orc priests
  4 hounds
  11 orc wizards
  2 bullfrog skeletons
  2 iguanas (Lair:3)
  3 worker ants
  A killer bee zombie (D:8)
  A hound zombie (D:5)
  A hound skeleton (D:11)
  2 mummies (Ossuary)
  10 gnolls
  13 adders
  7 river rats (Sewer)
  A shadow imp (D:12)
  A white imp (D:9)
  A howler monkey simulacrum (D:9)
  An ufetubus (D:9)
  8 oozes
  4 worms
  3 dart slugs
  An adder simulacrum (D:9)
  4 leopard geckos
  65 orcs
  6 bats
  7 giant cockroaches
  10 goblins
  8 hobgoblins
  12 jackals
  7 quokkas
  4 ball pythons
  9 frilled lizards
  2 goblin zombies (Ossuary)
  10 hobgoblin zombies (Ossuary)
  3 jackal zombies (Ossuary)
  28 kobolds
  9 kobold zombies (Ossuary)
  8 orc zombies (Ossuary)
  27 rats
  A rat zombie (Ossuary)
605 creatures vanquished.

Vanquished Creatures (collateral kills)
  Josephine (D:10)
  A hydra (Lair:4)
  A catoblepas (Lair:6)
  A death yak (D:9)
  A centaur zombie (D:12)
  A black mamba (Lair:6)
  A minotaur zombie (Gauntlet)
  A freezing wraith (D:12)
  A redback (Gauntlet)
  A yak (D:12)
  2 spriggans (Lair:6)
  A water moccasin (Lair:6)
  A black bear (Lair:6)
  A wolf (Lair:6)
  A kobold (D:9)
  A fungus (Lair:6)
17 creatures vanquished.

Vanquished Creatures (others)
  5 demonic plants (Gauntlet)
  9 fungi
  4 plants
18 creatures vanquished.

Grand Total: 640 creatures vanquished

Notes
Turn   | Place    | Note
-------+----------+-------------------------------------------
     0 | D:1      | goldensnitch the Octopode Fighter began the quest for the
                  | Orb.
     0 | D:1      | Reached XP level 1. HP: 16/16 MP: 1/1
   156 | D:1      | Reached XP level 2. HP: 21/21 MP: 2/2
   503 | D:1      | Reached XP level 3. HP: 19/26 MP: 3/3
  1163 | D:2      | Reached XP level 4. HP: 26/33 MP: 4/4
  2048 | D:3      | Reached XP level 5. HP: 28/38 MP: 5/5
  2192 | D:3      | Found a glowing drain.
  2198 | D:3      | Reached skill level 5 in Fighting
  2198 | D:3      | Reached skill level 4 in Shields
  2205 | Sewer    | Entered a sewer
  2492 | Sewer    | Noticed a big kobold
  2498 | Sewer    | Killed a big kobold
  2498 | Sewer    | Reached XP level 6. HP: 45/45 MP: 6/6
  2906 | Sewer    | Reached XP level 7. HP: 53/53 MP: 7/7
  3147 | D:3      | Reached skill level 5 in Shields
  3400 | D:3      | Found a faded altar of an unknown god.
  4599 | D:4      | Found a roughly hewn altar of Beogh.
  5370 | D:5      | Entered Level 5 of the Dungeon
  5471 | D:5      | Reached skill level 6 in Shields
  5474 | D:5      | Reached XP level 8. HP: 50/60 MP: 8/8
  5689 | D:5      | Identified the ring "Xairphopp" {*Corrode Str+5 Dex+3}
  6404 | D:5      | Reached skill level 7 in Shields
  6528 | D:5      | Noticed Pikel
  6543 | D:5      | Killed Pikel
  6543 | D:5      | Reached skill level 8 in Shields
  6733 | D:5      | Reached XP level 9. HP: 65/66 MP: 9/9
  6984 | D:6      | Reached skill level 9 in Shields
  7059 | D:6      | Found a sand-covered staircase.
  7063 | Ossuary  | Entered an ossuary
  8223 | D:7      | Reached skill level 10 in Shields
  8524 | D:7      | Found a staircase to the Ecumenical Temple.
  8556 | Temple   | Entered the Ecumenical Temple
  8594 | Temple   | Became a worshipper of Makhleb the Destroyer
  8752 | D:8      | Reached skill level 1 in Maces & Flails
  9389 | D:8      | Found Eschorgh's Distillery.
  9447 | D:8      | Bought a potion of flight for 45 gold pieces
  9447 | D:8      | Bought a potion of invisibility for 120 gold pieces
  9447 | D:8      | Bought a potion of resistance for 150 gold pieces
  9447 | D:8      | Bought a potion of lignification for 45 gold pieces
  9447 | D:8      | Bought a potion of lignification for 45 gold pieces
  9488 | D:8      | Reached * piety under Makhleb
  9488 | D:8      | Reached skill level 11 in Shields
  9537 | D:8      | Reached XP level 10. HP: 61/72 MP: 10/10
  9588 | D:8      | Paralysed by a gnoll for 6 turns
 10046 | D:9      | Noticed a death yak
 10097 | D:9      | Reached skill level 5 in Maces & Flails
 10630 | D:9      | Found a radiant altar of Vehumet.
 10788 | D:9      | Noticed a death yak
 10820 | D:9      | Noticed a deep elf mage
 10827 | D:9      | Killed a deep elf mage
 10869 | D:9      | Reached ** piety under Makhleb
 11002 | D:9      | Found a staircase to the Lair.
 11125 | D:10     | Entered Level 10 of the Dungeon
 11173 | D:10     | Noticed Sonja
 11183 | D:10     | Killed Sonja
 12043 | D:10     | Noticed Josephine
 12147 | D:11     | Noticed a two-headed ogre
 12151 | D:11     | Noticed a cyclops
 12180 | D:11     | Killed a two-headed ogre
 12180 | D:11     | Reached skill level 10 in Maces & Flails
 12180 | D:11     | Reached XP level 11. HP: 27/77 MP: 11/11
 12426 | D:11     | Killed a cyclops
 12426 | D:11     | Reached skill level 1 in Evocations
 12501 | D:11     | Noticed a two-headed ogre
 12514 | D:11     | Killed a two-headed ogre
 12514 | D:11     | Reached skill level 1 in Invocations
 12530 | D:11     | Noticed a cyclops
 12531 | D:11     | Found a large runed translucent door.
 12532 | D:11     | Found a large runed translucent door.
 12551 | D:11     | Noticed a cyclops
 12556 | D:11     | Noticed a cyclops
 12618 | D:11     | Reached *** piety under Makhleb
 12680 | D:11     | Noticed a cyan ugly thing
 12701 | D:11     | Killed a cyan ugly thing
 12937 | D:11     | Found a staircase to the Orcish Mines.
 13039 | D:11     | Noticed a naga warrior
 13571 | D:10     | Killed Josephine
 13983 | D:9      | Noticed a death yak
 14013 | D:9      | Killed a death yak
 14104 | D:9      | Noticed a death yak
 14130 | D:9      | Killed a death yak
 14133 | D:9      | Killed a death yak
 14134 | D:9      | Killed a death yak
 14134 | D:9      | Reached XP level 12. HP: 61/84 MP: 14/14
 14139 | D:9      | Reached skill level 5 in Dodging
 14346 | D:8      | Bought a potion of haste for 150 gold pieces
 14346 | D:8      | Bought a potion of mutation for 120 gold pieces
 14391 | Lair:1   | Entered Level 1 of the Lair of Beasts
 15654 | Lair:1   | Noticed a seven-headed hydra
 15663 | Lair:1   | Killed a seven-headed hydra
 16158 | Lair:2   | Reached **** piety under Makhleb
 16707 | Lair:2   | Reached skill level 12 in Shields
 17015 | Lair:2   | Found a hide-covered altar of Uskayaw.
 17214 | Lair:3   | Learned a level 1 spell: Summon Butterflies
 17217 | Lair:3   | Noticed Urug
 17232 | Lair:3   | Killed Urug
 17466 | Lair:3   | Found a gate leading to a gauntlet.
 17467 | Lair:3   | Found a hole to the Spider Nest.
 17473 | Lair:3   | Noticed a seven-headed hydra
 17476 | Gauntlet | Entered a Gauntlet
 17476 | Gauntlet | Found a transporter.
 17476 | Gauntlet | Found a transporter.
 17731 | Gauntlet | Found a transporter.
 17733 | Gauntlet | Noticed a ghost crab
 17734 | Gauntlet | Found a transporter.
 17734 | Gauntlet | Found a transporter.
 17750 | Gauntlet | Found a transporter.
 17751 | Gauntlet | Found a transporter.
 17757 | Gauntlet | Found a transporter.
 17765 | Gauntlet | Found a transporter.
 17783 | Gauntlet | Found a transporter.
 17791 | Gauntlet | Found a transporter.
 17809 | Gauntlet | Found a transporter.
 17945 | Gauntlet | Killed a ghost crab
 17945 | Gauntlet | Reached XP level 13. HP: 71/92 MP: 15/15
 18106 | Gauntlet | Got a scintillating wooden ring
 18109 | Gauntlet | Identified the ring "Harina" {*Corrode *Slow rF+ MR+++
                  | Int+3} (You found it in a Gauntlet)
 18115 | Gauntlet | Learned a level 1 spell: Apportation
 18122 | Gauntlet | Noticed a minotaur
 18139 | Gauntlet | Killed a minotaur
 18139 | Gauntlet | Reached skill level 10 in Fighting
 18791 | Lair:3   | Found a staircase to the Swamp.
 19273 | Lair:3   | Reached skill level 10 in Dodging
 20395 | Lair:4   | Reached ***** piety under Makhleb
 21180 | Lair:4   | Reached skill level 5 in Evocations
 21199 | Lair:5   | Reached skill level 13 in Shields
 21548 | Lair:5   | Found a staircase to the Slime Pits.
 21549 | Lair:5   | Found a viscous altar of Jiyva.
 21703 | Lair:5   | Reached XP level 14. HP: 81/101 MP: 16/18
 22446 | Lair:5   | Learned a level 3 spell: Mephitic Cloud
 22447 | Lair:6   | Entered Level 6 of the Lair of Beasts
 22523 | Lair:6   | Reached skill level 1 in Spellcasting
 22523 | Lair:6   | Reached skill level 1 in Air Magic
 22529 | Lair:6   | Reached skill level 1 in Poison Magic
 22935 | Lair:6   | Reached skill level 1 in Conjurations
 26254 | D:12     | Slain by a very large slime creature

Levels and vault maps discovered:
D:1:      minmay_arrival_hallway, layout_loops_ring, minmay_pentomino_t2
D:2:      cheibrodos_helix_gallery, layout_basic
D:3:      kennysheep_big_flooded_room, layout_basic, portal_sewer_entry_d,
          first_ration, chequers_ecumenical_altar_simple
D:4:      layout_loops_corners, minmay_misc_feat_columns, kennysheep_orc_chapel
D:5:      layout_loops_cross, uniq_pikel
D:6:      layout_gridville, enter_ossuary_5
D:7:      layout_rooms, minmay_temple_entry_drinking_statues, serial_curves,
          eino_curves_01, eino_curves_01
D:8:      layout_rooms, serial_shops, kennysheep_little_box
D:9:      layout_cave_pools, lemuel_doored_altar, dpeg_lair_monsters,
          serial_ice, serial_ice_e, serial_ice_h, serial_ice_j, serial_ice_m,
          special_room [special_room_orc]
D:10:     layout_stronghold, minmay_misc_feat_ornament,
          hangedman_little_slice_of_home, uniq_sonja, uniq_josephine
D:11:     okawaru_arena_lexackson, layout_rooms, orc_0_dummy,
          chequers_serial_rivers_small_3
D:12:     layout_grid_maze
D:13:     minmay_ambush_box, layout_irregular_city, erik_vaults_2
Temple:   nicolae_temple_the_god_donut
Lair:1:   cheibrodos_lair_river_kwai, layout_regular_city, serial_bayou_shore_b,
          infiniplex_staircase_pool, lemuel_fruit_tree, grunt_megastairs_2
Lair:2:   layout_gridlike, basic_altar, grunt_megastairs_5,
          infiniplex_staircase_pool_2
Lair:3:   beast_lair_carwin_large_2, layout_cave_pods, minmay_swamp_entry_swarm,
          dummy_spider_entry, gauntlet_entry_generic, nzn_random_ring, uniq_urug
Lair:4:   beast_lair_carwin_large_4, layout_regular_city
Lair:5:   layout_roguey [special_room_bee], slime_altar_1, serial_forest,
          infiniplex_forest_clump_curved, infiniplex_forest_zigzag_1,
          infiniplex_forest_clump_double, infiniplex_forest_clump_double,
          infiniplex_forest_corner_2, minivault_11
Lair:6:   minmay_lair_end_enchanted_forest, layout_long_grid
Sewer:    sewer_minmay_treatment
Ossuary:  ossuary_tomb_1
Gauntlet: gammafunk_gauntlet_shortcut [nicolae_gauntlet_arena_blocks,
          gammafunk_gauntlet_arena_split_x,
          gammafunk_gauntlet_arena_split_diamond, gammafunk_gauntlet_arena_open,
          nicolae_gauntlet_arena_x, gammafunk_gauntlet_arena_hedges,
          gauntlet_exit_hidden_loot]

Skill      XL: |  1  2  3  4  5  6  7  8  9 10 11 12 13 14 |
---------------+-------------------------------------------+-----
Fighting       | 4 5 6 7 8 9 11 12 | 12.3
Shields        | 4 6 8 11 12 13 | 13.4
Maces & Flails | 4 10 11 | 11.9
Evocations     | 2 5 |  5.7
Invocations    | 3 |  3.0
Dodging        | 4 8 10 11 | 11.2
Spellcasting   | 4 |  4.0
Air Magic      | 4 |  4.4
Poison Magic   | 1 |  1.0
Conjurations   | 1 |  1.0
Axes           | |  2.4

Action                   |  1- 3 |  4- 6 |  7- 9 | 10-12 | 13-15 || total
-------------------------+-------+-------+-------+-------+-------++-------
Melee: War axe           |    52 |   135 |   110 |       |       ||   297
       Constrict         |    16 |    43 |    94 |    73 |    98 ||   324
       Tentacles         |     6 |    31 |    75 |   141 |   234 ||   487
       Hand axe          |       |       |   168 |       |       ||   168
       Flail             |       |       |    58 |   567 |   744 ||  1369
Throw: Tomahawk          |       |       |       |     2 |     2 ||     4
Invok: Lesser Servant of |       |       |       |     3 |    17 ||    20
       Minor Destruction |       |       |       |       |    16 ||    16
Evoke: Wand              |       |       |     9 |    16 |     8 ||    33
  Use: Scroll            |     3 |     7 |    12 |     7 |    10 ||    39
       Potion            |       |       |     2 |     5 |     3 ||    10
 Stab: Sleeping          |     7 |     5 |     7 |     8 |    11 ||    38
       Distracted        |       |       |     1 |     1 |     8 ||    10
       Paralysed         |       |       |       |    12 |       ||    12
       Invisible         |       |       |       |       |     1 ||     1
  Eat: Chunk             |     1 |     5 |    16 |    22 |    14 ||    58
       Ration            |       |       |     2 |     3 |     4 ||     9
Armor: Skin              |     2 |     6 |    13 |    14 |     5 ||    40
Dodge: Dodged            |    14 |    63 |   120 |   175 |   329 ||   701
Block: Shield            |    23 |    64 |   212 |   347 |   612 ||  1258

Table legend:
 A = Non-vault XP
 B = Vault XP
 C = Vault XP percentage of total XP
 D = Non-vault monster count
 E = Vault monster count
 F = Vault count percentage of total count
                 A         B        C        D         E       F
            +---------+---------+-------+---------+---------+-------
      Total |   44073 |   38104 |  46.4 |     338 |     282 |  45.5
            +---------+---------+-------+---------+---------+-------
        D:1 |      41 |       3 |   6.8 |      23 |       2 |   8.0
        D:2 |      82 |       2 |   2.4 |      32 |       2 |   5.9
        D:3 |     161 |      17 |   9.6 |      30 |       3 |   9.1
        D:4 |      94 |      90 |  48.9 |       8 |       4 |  33.3
        D:5 |     809 |     586 |  42.0 |      32 |       1 |   3.0
        D:6 |     381 |       0 |   0.0 |      11 |       0 |   0.0
        D:7 |     771 |       0 |   0.0 |      20 |       0 |   0.0
        D:8 |    1078 |       0 |   0.0 |      25 |       0 |   0.0
        D:9 |    1026 |    3813 |  78.8 |      13 |      34 |  72.3
       D:10 |     883 |    2608 |  74.7 |      12 |      14 |  53.8
       D:11 |    5381 |     194 |   3.5 |      20 |       1 |   4.8
       D:12 |    6739 |    1583 |  19.0 |      32 |       2 |   5.9
     Lair:1 |    1968 |    3941 |  66.7 |       9 |      17 |  65.4
     Lair:2 |    4089 |    1050 |  20.4 |      17 |       4 |  19.0
     Lair:3 |    3664 |    6353 |  63.4 |      10 |      23 |  69.7
     Lair:4 |    5319 |    3749 |  41.3 |      11 |      13 |  54.2
     Lair:5 |    2113 |    2552 |  54.7 |       6 |      26 |  81.2
     Lair:6 |    9474 |    8125 |  46.2 |      27 |      44 |  62.0
      Sewer |       0 |     468 | 100.0 |       0 |      48 | 100.0
    Ossuary |       0 |     208 | 100.0 |       0 |      38 | 100.0
   Gauntlet |       0 |    2762 | 100.0 |       0 |       6 | 100.0
            +---------+---------+-------+---------+---------+-------
